 Dungeon Crawl Stone Soup version 0.24.0-13-gcf9b3192b9 (console) character file.

Game seed: 12371206381125438353, levelgen mode: deterministic

64323 AlterAsc the Brawler (level 15, -11/130 HPs)
             Began as an Octopode Transmuter on Nov 9, 2019.
             Was an Elder of Ashenzari.
             Killed by divine providence
             ... invoked by an orc priest
              (15 damage)
             ... on level 2 of the Orcish Mines.
             The game lasted 01:35:10 (25423 turns).

AlterAsc the Brawler (Octopode Transmuter)         Turns: 25423, Time: 01:35:10

Health: -11/130    AC:  8    Str: 16    XL:     15   Next: 12%
Magic:  19/22      EV: 13    Int: 20    God:    Ashenzari [****..]
Gold:   771        SH:  5    Dex: 16    Spells: 11/24 levels left

rFire    . . .     SeeInvis +     - Unarmed
rCold    + + +     Gourm    .   (shield currently unavailable)
rNeg     . . .     Faith    .   (helmet currently unavailable)
rPois    +         Spirit   .   y - +5 amulet of reflection (curse)
rElec    .         Reflect  +   l - +5 ring of intelligence (curse)
rCorr    .         Harm     .   C - ring of protection from fire (curse)
MR       +....     Clarity  +   n - ring of flight
Stlth    +.........             V - +3 ring of dexterity (curse)
HPRegen  1.31/turn              J - ring of ice (curse)
MPRegen  0.18/turn              T - ring of fire
                                (no ring)
                                (no ring)

@: ice-form (expiring), regenerating (expiring), lightly drained
A: large, almost no armour, stealthy swim, amphibious, 8 rings, (constrict 8)
a: End Transformation, Curse Item, Scrying, Renounce Religion, Evoke Flight


You were on level 2 of the Orcish Mines.
You worshipped Ashenzari.
Ashenzari was greatly pleased with you.
You were not hungry.
You were a creature of crystalline ice.
You visited 4 branches of the dungeon, and saw 20 of its levels.
You also visited: Sewer and Ice Cave.

You collected 1510 gold pieces.
You spent 739 gold pieces at shops.

Inventory:

Hand Weapons
 r - the +5 war axe "AlterAsc's Regret" (melded) {flame, +Inv rElec}
   (You found it on level 4 of the Dungeon)

   It has been specially enchanted to burn those struck by it, causing extra
   injury to most foes and up to half again as much damage against particularly
   susceptible opponents.
   Big, fiery blades are also staple armaments of hydra-hunters.
   It insulates you from electricity.
   It lets you turn invisible.
Missiles
 a - 205 arrows
 j - 76 poisoned darts (quivered)
Armour
 o - a +0 buckler
Magical Staves
 G - an uncursed staff of fire
Jewellery
 l - a cursed +5 ring of intelligence (left front paw)
 n - a ring of flight (on tentacle)
 s - an uncursed ring of positive energy
 y - a cursed +5 amulet of reflection (around neck)
 C - a cursed ring of protection from fire (right front paw)
 J - a cursed ring of ice (on tentacle)
 R - an uncursed ring of protection from cold
 T - a ring of fire (on tentacle)
 V - a cursed +3 ring of dexterity (on tentacle)
Wands
 b - a wand of polymorph (16)
 m - a wand of iceblast (8)
 w - a wand of random effects (28)
 A - a wand of disintegration (1)
 F - a wand of flame (23)
 N - a wand of digging (22)
 Y - a wand of acid (7)
 Z - a wand of clouds (7)
Scrolls
 d - 7 scrolls of teleportation
 e - 3 scrolls of immolation
 g - 3 scrolls of fear
 k - 8 scrolls of remove curse
 p - 4 scrolls of amnesia
 q - 2 scrolls of enchant armour {unknown}
 u - 9 scrolls of enchant weapon
 B - 2 scrolls of acquirement {unknown}
 H - a scroll of torment {unknown}
 M - 2 scrolls of magic mapping {unknown}
 O - a scroll of vulnerability {unknown}
 Q - a scroll of fog {unknown}
 W - a scroll of holy word {unknown}
Potions
 f - 5 potions of curing
 h - 8 potions of flight
 i - 2 potions of mutation
 v - 2 potions of invisibility
 x - 3 potions of might
 z - 2 potions of agility
 D - 2 potions of resistance
 E - a potion of brilliance {unknown}
 I - 2 potions of magic
 L - 2 potions of ambrosia
 P - 2 potions of lignification {unknown}
 U - a potion of berserk rage
Miscellaneous
 t - a lamp of fire
 K - a phial of floods
 S - a box of beasts
Comestibles
 c - 27 rations
 X - 15 chunks of flesh


   Skills:
 + Level 12.9(12.7) Fighting
 + Level 5.0(4.9) Dodging
 * Level 17.6(17.4) Unarmed Combat
 - Level 5.1(4.9) Spellcasting
 - Level 4.2(6.2) Charms
 - Level 4.2(6.2) Necromancy
 - Level 7.6(9.8) Transmutations
 - Level 3.2(5.0) Ice Magic
 - Level 6.0(8.1) Evocations


You had 11 spell levels left.
You knew the following spells:

 Your Spells              Type           Power        Failure   Level  Hunger
a - Beastly Appendage     Tmut           #####.       1%          1    None
b - Sticks to Snakes      Tmut           #####...     1%          2    #......
c - Spider Form           Tmut/Pois      ###.......   4%          3    ##.....
d - Ice Form              Ice/Tmut       ######..     5%          4    ####...
e - Regeneration          Chrm/Necr      ####......   2%          3    ##.....

Your spell library contained the following spells:

 Spells                   Type           Power        Failure   Level  Hunger
 Animate Skeleton         Necr           N/A          1%          1    None
 Infusion                 Chrm           ####         1%          1    None
 Pain                     Necr           ####         1%          1    None
 Song of Slaying          Chrm           ####....     1%          2    #......
 Passwall                 Tmut/Erth      ###.....     2%          2    #......
 Vampiric Draining        Necr           ####......   2%          3    ##.....
 Shroud of Golubria       Chrm/Tloc      ###...       4%          2    #......
 Swiftness                Chrm/Air       ###.....     4%          2    #......
 Ensorcelled Hibernation  Hex/Ice        ###...       6%          2    #......
 Blade Hands              Tmut           #####.....   6%          5    ######.
 Animate Dead             Necr           N/A          9%          4    ####...
 Spectral Weapon          Hex/Chrm       ###.....     10%         3    ##.....
 Magic Dart               Conj           #...         11%         1    None
 Searing Ray              Conj           #.....       17%         2    #......
 Dazzling Spray           Conj/Hex       #.....       32%         3    ##.....
 Static Discharge         Conj/Air       #.......     32%         3    ##.....
 Yara's Violent Unravell  Hex/Tmut       ###.......   38%         5    ######.
 Borgnjor's Vile Clutch   Necr/Erth      ###.......   65%         5    ######.
 Cause Fear               Hex            #.........   73%         4    ####...
 Force Lance              Conj/Tloc      #.......     73%         4    ####...
 Fulminant Prism          Conj/Hex       #.........   73%         4    ####...
 Iskenderun's Mystic Bla  Conj           #.......     73%         4    ####...
 Passage of Golubria      Tloc           N/A          73%         4    ####...
 Lee's Rapid Deconstruct  Erth           #.........   97%         5    ######.
 Lightning Bolt           Conj/Air       #.........   97%         5    ######.
 Silence                  Hex/Air        #.........   97%         5    ######.
 Deflect Missiles         Chrm/Air       ###.......   99%         6    #######
 Darkness                 Hex            #.........   100%        6    #######
 Invisibility             Hex            #.......     100%        6    #######
 Shadow Creatures         Summ           N/A          100%        6    #######
 Discord                  Hex            #.........   100%        8    #######
 Ignition                 Fire           #.........   100%        8    #######
 Shatter                  Erth           #.........   100%        9    #######
 Tornado                  Air            #.........   100%        9    #######


Dungeon Overview and Level Annotations

Branches:
Dungeon (11/15)            Temple (1/1) D:7            Lair (6/6) D:9
  Swamp (0/4) Lair:3        Snake (0/4) Lair:3        Slime (0/5) Lair:5
    Orc (2/2) D:11            Elf (0/3) Orc:2         Sewer (visited)
  IceCv (visited)

Altars:
Ashenzari
Cheibriados
Dithmenos
Elyvilon
Fedhas
Gozag
Hepliaklqana
Kikubaaqudgha
Makhleb
Nemelex Xobeh
Okawaru
Qazlal
Ru
Sif Muna
Trog
Uskayaw
Vehumet
Wu Jian
Xom
Yredelemnul
Zin
The Shining One
Jiyva

Shops:
D:6 =

Annotations:
D:11 2 runed translucent doors, teukkam's ghost, journeyman MiFi
Lair:5 exclusion: 2 oklob plants


Innate Abilities, Weirdness & Mutations

You cannot wear most types of armour.
You are very stealthy in the water. (Stealth+)
You are amphibious.
You can wear up to eight rings at the same time.
((You can use your tentacles to constrict eight enemies at once.))
((Your skin changes colour to match your surroundings (Stealth+).))
((Your rubbery body absorbs attacks. (AC +1, EV +1)))


Message History

You block the orc wizard's attack. The orc warrior misses you.
The orc wizard hits you but does no damage.
You block the orc wizard's attack.
You hear a shout!
There is a stone staircase leading down here.
The orc hits you with a +0 falchion.
* * * LOW HITPOINT WARNING * * *
The orc priest hits you but does no damage.
The orc wizard points at you and mumbles some strange words.
You resist with almost no effort. The orc priest closely misses you.
The orc wizard points at you and mumbles some strange words.
The magic dart hits you.
* * * LOW HITPOINT WARNING * * *
The orc wizard hits you but does no damage.
The orc warrior hits you with a +0 flail!!
* * * LOW HITPOINT WARNING * * *
You climb downwards.
The orc priest calls down the wrath of Beogh upon you.
Beogh smites you!
You die...

,, , ,##........... , ,, , ,
,*, , ...#.........., , * , * ,
∆ ##............., , , , *,
{#.............. ,,, , ,
,{,#..............,, ,, , ,,,*
, {##......#...... ,, ,
*{{,{#.....[o.oo............. ,
{{#.....ooo..........^..#.
,,,{{,,#.....#YS........<...>.#
,,{,{ #.##.#o#o#..............
, * +#.#...o.#..............# ,
* ∆∆∆#..#.#...........$...... *
* ** #.##.#..................
###............#.....)..
##...#................
#..........##[[)[....
##..........#..)<)....


You could see 2 orc warriors, 3 orc priests, 3 orc wizards, an orc and a
friendly adder.

Vanquished Creatures
  Donald (Orc:2)
  A frost giant (IceCv)
  A fire dragon (Lair:6)
  12 hydras
  Erica (D:9)
  Urug (D:10)
  4 death yaks
  The ghost of Bram the Frost Mage, a novice KoIE of Kikubaaqudgha (D:10)
  An unseen horror (shapeshifter) (D:11)
  A lindwurm (Lair:6)
  2 orc knights (Orc:1)
  A faun (Lair:6)
  2 orc sorcerers
  Joseph (D:7)
  An ice statue (IceCv)
  4 black mambas (Lair:6)
  A centaur zombie (D:10)
  5 torpor snails (Lair:5)
  3 molten gargoyles (Lair:6)
  11 spiny frogs
  3 rime drakes
  7 komodo dragons
  A tyrant leech (Lair:3)
  A troll (Orc:1)
  A queen bee (D:9)
  The ghost of demivan the Cleaver, an amateur HOMo of Beogh (D:4)
  17 polar bears
  Grinder (D:5)
  5 blink frogs (Lair:4)
  11 dream sheep
  9 hippogriffs
  7 wyverns
  A basilisk (shapeshifter) (D:11)
  6 basilisks
  54 yaks
  Grum (Lair:1)
  A hungry ghost (D:8)
  A warg (Orc:2)
  A vampire mosquito (D:11)
  2 swamp worms (Lair:3)
  4 nagas (Lair:3)
  An acid dragon (D:11)
  15 water moccasins
  5 hell hounds (Lair:6)
  4 porcupines
  A phantom (D:6)
  A black bear (Lair:5)
  An ice beast (D:11)
  12 orc warriors
  2 sky beasts
  2 slaves (D:4)
  6 ogres
  66 wolves
  3 centaurs
  12 crocodiles
  7 bullfrogs
  A big kobold (Sewer)
  A gnoll sergeant (D:9)
  2 wyvern skeletons
  2 scorpions
  24 killer bees
  5 wights (D:6)
  2 howler monkeys
  4 crimson imps
  5 lava snakes (Lair:6)
  A bullfrog zombie (D:8)
  A quasit (D:7)
  9 hounds
  3 jellies
  7 orc priests
  15 orc wizards
  A centaur skeleton (D:4)
  2 iguanas
  2 worker ants
  A hound skeleton (D:4)
  2 worker ant zombies (D:11)
  2 howler monkey skeletons
  7 gnolls
  10 adders
  3 river rats
  A shadow imp (D:11)
  2 white imps (D:4)
  A worker ant simulacrum (D:4)
  2 oozes
  An adder skeleton (D:4)
  A worm (D:6)
  An adder simulacrum (D:4)
  2 dart slugs
  3 leopard geckos
  53 orcs
  3 giant cockroaches
  6 goblins
  11 hobgoblins
  14 jackals
  2 quokkas
  2 ball pythons
  A ball python skeleton (D:6)
  5 bats
  7 frilled lizards
  A giant cockroach simulacrum (D:4)
  A jackal skeleton (D:8)
  10 kobolds
  A leopard gecko simulacrum (D:4)
  A quokka simulacrum (D:4)
  16 rats
588 creatures vanquished.

Vanquished Creatures (collateral kills)
  A death yak (Lair:5)
  Pikel (D:4)
  A yak (Lair:4)
  A black bear (Lair:2)
  A goblin (D:1)
  A rat (D:1)
6 creatures vanquished.

Vanquished Creatures (others)
  Harold (D:7)
  An orc (D:9)
  A bush (Lair:6)
  12 fungi
  2 plants
17 creatures vanquished.

Grand Total: 611 creatures vanquished

Notes
Turn   | Place    | Note
-------+----------+-------------------------------------------
     0 | D:1      | AlterAsc the Octopode Transmuter began the quest for the
                  | Orb.
     0 | D:1      | Reached XP level 1. HP: 13/13 MP: 3/3
   435 | D:1      | Reached XP level 2. HP: 17/18 MP: 3/5
   607 | D:1      | Learned a level 2 spell: Sticks to Snakes
  1001 | D:2      | Reached XP level 3. HP: 19/23 MP: 6/6
  1014 | D:2      | Learned a level 3 spell: Spider Form
  1096 | D:1      | Reached XP level 4. HP: 7/28 MP: 2/7
  1459 | D:2      | Reached XP level 5. HP: 13/33 MP: 6/9
  2453 | D:3      | Reached XP level 6. HP: 6/38 MP: 8/11
  2760 | D:3      | Learned a level 4 spell: Ice Form
  2982 | D:3      | Reached skill level 5 in Transmutations
  3026 | D:3      | Reached skill level 1 in Ice Magic
  3530 | D:4      | Reached XP level 7. HP: 43/43 MP: 8/13
  3711 | D:4      | Found a runed translucent gate.
  3713 | D:4      | Found a runed translucent gate.
  3715 | D:4      | Found a runed translucent gate.
  3730 | D:4      | Got a polished war axe
  3731 | D:4      | Identified the +5 war axe "AlterAsc's Regret" {flame, +Inv
                  | rElec} (You found it on level 4 of the Dungeon)
  3749 | D:4      | Noticed demivan's ghost (amateur HOMo)
  3943 | D:4      | Found a sparkling altar of Nemelex Xobeh.
  4299 | D:4      | Noticed Pikel
  4410 | D:4      | Killed Pikel
  4410 | D:4      | Reached skill level 5 in Spellcasting
  4410 | D:4      | Reached XP level 8. HP: 17/48 MP: 8/15
  4842 | D:5      | Entered Level 5 of the Dungeon
  4935 | D:5      | Noticed Grinder
  4949 | D:5      | Paralysed by Grinder for 4 turns
  4968 | D:5      | Killed Grinder
  5158 | D:5      | Reached skill level 4 in Unarmed Combat
  5227 | D:5      | Noticed a hippogriff
  5242 | D:5      | Killed a hippogriff
  5655 | D:6      | Reached skill level 5 in Unarmed Combat
  5674 | D:6      | Reached XP level 9. HP: 42/56 MP: 14/16
  5831 | D:6      | Reached skill level 6 in Unarmed Combat
  5900 | D:6      | Found a hide-covered altar of Uskayaw.
  6174 | D:6      | Found a glowing drain.
  6179 | Sewer    | Entered a sewer
  6293 | Sewer    | Found a white marble altar of Elyvilon.
  6398 | D:6      | Found Hecimaqoe's Jewellery Shop.
  6529 | D:7      | Noticed Joseph
  6694 | D:7      | Noticed Harold
  6924 | D:7      | Killed Harold
  6952 | D:7      | Reached skill level 7 in Unarmed Combat
  6965 | D:7      | HP: 3/70 [Joseph/+0 quarterstaff (15)]
  6967 | D:7      | Killed Joseph
  6967 | D:7      | Reached skill level 5 in Fighting
  7342 | D:7      | Found a shimmering altar of Xom.
  7666 | D:7      | Found a staircase to the Ecumenical Temple.
  7675 | Temple   | Entered the Ecumenical Temple
  7733 | Temple   | Became a worshipper of Ashenzari the Shackled
  8025 | D:7      | Reached skill level 8 in Unarmed Combat
  8283 | D:8      | Found a basalt altar of Yredelemnul.
  8298 | D:8      | Found a radiant altar of Vehumet.
  8300 | D:8      | Found a bloodstained altar of Trog.
  8301 | D:8      | Found a sacrificial altar of Ru.
  8303 | D:8      | Found a shimmering altar of Xom.
  8304 | D:8      | Found a white marble altar of Elyvilon.
  8350 | D:8      | Reached XP level 10. HP: 63/66 MP: 13/17
  8683 | D:8      | Reached skill level 9 in Unarmed Combat
  8927 | D:9      | Reached skill level 1 in Evocations
  9027 | D:9      | Found a staircase to the Lair.
  9049 | D:9      | Reached * piety under Ashenzari
  9099 | D:9      | Noticed Erica
  9623 | D:9      | Killed Erica
  9684 | D:8      | HP: 3/82 [killer bee (4)]
  9685 | D:8      | HP: 1/82 [killer bee (1)]
 10006 | D:8      | HP: 1/82 [killer bee (4)]
 10479 | D:9      | Reached skill level 10 in Unarmed Combat
 10661 | D:6      | Bought a +5 amulet of reflection for 535 gold pieces
 11530 | D:10     | Entered Level 10 of the Dungeon
 11708 | D:10     | Noticed Urug
 11901 | D:10     | Reached ** piety under Ashenzari
 11938 | D:10     | Found a runed translucent door.
 11939 | D:10     | Noticed Bram's ghost (novice KoIE)
 12101 | Lair:1   | Entered Level 1 of the Lair of Beasts
 12107 | Lair:1   | Reached XP level 11. HP: 75/75 MP: 13/18
 12156 | Lair:1   | Noticed Grum
 12436 | Lair:1   | Killed Grum
 12494 | Lair:1   | Noticed a four-headed hydra
 12594 | Lair:1   | Killed a four-headed hydra
 12594 | Lair:1   | Reached skill level 11 in Unarmed Combat
 12594 | Lair:1   | Reached skill level 5 in Evocations
 14503 | Lair:3   | Found a staircase to the Snake Pit.
 14751 | Lair:3   | Reached skill level 12 in Unarmed Combat
 15199 | Lair:3   | Noticed a four-headed hydra
 15211 | Lair:3   | Killed a four-headed hydra
 15687 | Lair:3   | Noticed a six-headed hydra
 15696 | Lair:3   | Killed a six-headed hydra
 15696 | Lair:3   | Reached XP level 12. HP: 26/85 MP: 17/19
 15960 | Lair:3   | Noticed a six-headed hydra
 15978 | Lair:3   | Killed a six-headed hydra
 15997 | Lair:3   | Found a staircase to the Swamp.
 16222 | Lair:4   | Reached *** piety under Ashenzari
 16241 | Lair:4   | Reached skill level 13 in Unarmed Combat
 17055 | Lair:4   | Noticed an eight-headed hydra
 17063 | Lair:4   | Killed an eight-headed hydra
 17063 | Lair:4   | Reached skill level 10 in Fighting
 17288 | Lair:4   | Reached skill level 14 in Unarmed Combat
 18001 | D:4      | Killed demivan's ghost
 18150 | D:6      | Bought a +3 ring of dexterity for 204 gold pieces
 18326 | Lair:5   | Learned a level 3 spell: Regeneration
 18414 | Lair:5   | Noticed a death yak
 18424 | Lair:5   | Killed a death yak
 18424 | Lair:5   | Noticed a death yak
 18426 | Lair:5   | Noticed a death yak
 18428 | Lair:5   | Noticed a death yak
 18860 | Lair:4   | Killed a death yak
 18860 | Lair:4   | Reached skill level 1 in Charms
 18860 | Lair:4   | Reached skill level 1 in Necromancy
 19043 | Lair:4   | Killed a death yak
 19122 | Lair:5   | Killed a death yak
 19122 | Lair:5   | Reached XP level 13. HP: 93/93 MP: 14/20
 19324 | Lair:5   | Found a snail-covered altar of Cheibriados.
 19718 | Lair:5   | Found a staircase to the Slime Pits.
 19719 | Lair:5   | Found a viscous altar of Jiyva.
 20154 | Lair:6   | Entered Level 6 of the Lair of Beasts
 20473 | Lair:6   | Reached skill level 15 in Unarmed Combat
 21532 | Lair:6   | Reached XP level 14. HP: 87/101 MP: 12/21
 21697 | Lair:6   | Reached skill level 16 in Unarmed Combat
 22339 | Lair:6   | Found a large runed translucent door.
 22339 | Lair:6   | Found a large runed translucent door.
 22694 | D:10     | Killed Bram's ghost
 22736 | D:10     | Killed Urug
 23164 | D:11     | Found a staircase to the Orcish Mines.
 23207 | D:11     | Reached **** piety under Ashenzari
 23268 | D:11     | Found a radiant altar of Vehumet.
 23487 | D:11     | Found a runed translucent door.
 23488 | D:11     | Noticed a stone giant
 23488 | D:11     | Noticed a lich
 23488 | D:11     | Noticed a storm dragon
 23490 | D:11     | Found a runed translucent door.
 23494 | D:11     | Noticed teukkam's ghost (journeyman MiFi)
 23693 | Orc:1    | Entered Level 1 of the Orcish Mines
 23753 | Orc:1    | Found a frozen archway.
 23770 | IceCv    | Entered an ice cave
 23855 | IceCv    | Reached skill level 17 in Unarmed Combat
 24361 | IceCv    | Noticed a frost giant
 24380 | IceCv    | Killed a frost giant
 24498 | IceCv    | Reached XP level 15. HP: 89/109 MP: 19/22
 24955 | Orc:2    | Entered Level 2 of the Orcish Mines
 25340 | Orc:2    | Found a staircase to the Elven Halls.
 25395 | Orc:2    | Identified the +2 shield of Good Intentions {rF+ rN+}
 25395 | Orc:2    | Noticed Donald
 25416 | Orc:2    | Killed Donald
 25416 | Orc:2    | Reached skill level 5 in Dodging
 25422 | Orc:1    | HP: 2/130 [orc warrior/+0 flail (20)]
 25423 | Orc:2    | Killed from afar by an orc priest

Levels and vault maps discovered:
D:1:      minmay_arrival_doors, layout_rooms
D:2:      layout_basic, st_stairs_3
D:3:      layout_loops_cross, grunt_ministairs_14, minmay_close_crescents
D:4:      layout_basic, gammafunk_ghost_icy, nemelex_xobeh_ov_fountains_minmay,
          uniq_pikel
D:5:      layout_cave_pools, first_ration, uniq_grinder
D:6:      layout_loops_ring, overflow_temple_1_default, portal_sewer_entry_e,
          serial_shops, nicolae_shop_behind_doors
D:7:      layout_basic, lemuel_temple_firewalk_b, xom_teletrap_fun, uniq_harold,
          uniq_joseph
D:8:      layout_cave_pools, minitemple, serial_column_ruins, column_ruins_hut,
          column_ruins_open_medium, column_ruins_grid_3, column_ruins_grid_1,
          column_ruins_columns_straight, column_ruins_grid_2
D:9:      layout_roguey, dpeg_oklobed_lair, david_nohive_1, uniq_erica
D:10:     layout_roguey, ebering_ghost_reflecting_pool, uniq_urug
D:11:     minmay_diamond_stairs, layout_gridville, orc_0_dummy, basic_altar,
          muffindrake_ghost_dual_entry, minmay_misc_feat_four_crosses
Temple:   regret_index_temple_waves
Lair:1:   layout_big_grid, lemuel_fruit_tree, uniq_grum
Lair:2:   layout_chaotic_city
Lair:3:   layout_regular_city, palyth_hydra_swamp_entry,
          guppyfry_snake_entry_island
Lair:4:   layout_cave_pods
Lair:5:   layout_roguey, slime_altar_1, kennysheep_snail_temple,
          infiniplex_staircase_pool_2, minmay_lair_oklob_chamber,
          grunt_megastairs_4
Lair:6:   cheibrodos_lair_end_hotspot, layout_cave_pods,
          grunt_forest_large_clearings
Orc:1:    layout_caves, portal_ice_cave_entry_pillars_1
Orc:2:    st_orc_rangers, layout_caves, minmay_orc_treasury, uniq_donald

Skill      XL: |  1  2  3  4  5  6  7  8  9 10 11 12 13 14 15 |
---------------+----------------------------------------------+-----
Transmutations | 3 4 5 7 |  7.6
Spellcasting   | 3 4 5 |  5.1
Ice Magic      | 1 2 3 |  3.2
Fighting       | 3 5 7 9 10 11 12 | 12.9
Unarmed Combat | 5 8 10 12 14 15 17 | 17.6
Evocations     | 4 6 |  6.0
Charms         | 2 4 |  4.2
Necromancy     | 2 4 |  4.2
Dodging        | 4 5 |  5.0

Action                   |  1- 3 |  4- 6 |  7- 9 | 10-12 | 13-15 || total
-------------------------+-------+-------+-------+-------+-------++-------
Melee: Unarmed           |    52 |   167 |   247 |   478 |   725 ||  1669
       Constrict         |    16 |    24 |     4 |     2 |       ||    46
       Tentacles         |     8 |    10 |     3 |     2 |       ||    23
       Kick              |     8 |    12 |       |       |       ||    20
       Punch             |     1 |     2 |       |       |       ||     3
       War axe           |       |       |     9 |     5 |       ||    14
Throw: Dart              |       |    26 |     6 |       |     2 ||    34
 Cast: Beastly Appendage |    10 |    11 |     1 |       |       ||    22
       Sticks to Snakes  |     1 |     1 |     7 |    21 |    10 ||    40
       Spider Form       |     1 |     7 |     2 |       |       ||    10
       Ice Form          |       |       |    25 |    64 |    54 ||   143
       Regeneration      |       |       |       |     4 |   112 ||   116
Invok: Curse Item        |       |       |       |     5 |       ||     5
 Abil: End Transformatio |       |       |     3 |     9 |    11 ||    23
Evoke: Wand              |       |       |       |    18 |    14 ||    32
       Phantom mirror    |       |       |       |     1 |       ||     1
       Phial of floods   |       |       |       |       |     1 ||     1
  Use: Scroll            |       |       |     5 |     8 |    15 ||    28
       Potion            |       |       |       |     9 |       ||     9
 Stab: Sleeping          |     4 |     4 |     3 |     1 |       ||    12
       Distracted        |       |       |       |     3 |     2 ||     5
  Eat: Chunk             |     1 |     9 |    13 |    27 |    28 ||    78
       Ration            |       |       |     2 |     5 |     4 ||    11
Armor: Skin              |     7 |     9 |    60 |    81 |   145 ||   302
Dodge: Dodged            |    36 |   106 |   123 |   192 |   235 ||   692
Block: Other             |       |       |       |    62 |   113 ||   175
       Reflection        |       |       |       |     4 |     2 ||     6
